 Dungeon Sprint DCSS version 0.24-a0-725-gf1a930fc54 (webtiles) character file.

Game seed: 1569355092164358962, levelgen mode: deterministic

25 EtherCrawl the Sneak (level 2, -8/13 HPs)
             Began as a Spriggan Enchanter on Oct 1, 2019.
             Mangled by an ogre
             ... wielding a +0 giant club
              (21 damage)
             ... in the Dungeon (Sprint I: "Red Sonja").
             The game lasted 00:00:47 (326 turns).

EtherCrawl the Sneak (Spriggan Enchanter)            Turns: 326, Time: 00:00:47

Health: -8/13      AC:  2    Str:  4    XL:     2   Next: 82%
Magic:  8/8        EV: 18    Int: 16    God:
Gold:   0          SH:  0    Dex: 16    Spells: 8/9 levels left

rFire    . . .     SeeInvis +   a - +1 dagger
rCold    . . .     Gourm    .   (shield restricted)
rNeg     . . .     Faith    .   b - +0 robe
rPois    .         Spirit   .   (helmet restricted)
rElec    .         Reflect  .   (no cloak)
rCorr    .         Harm     .   (gloves unavailable)
MR       .....     NoTele   +   (boots unavailable)
Stlth    +++.......             (no amulet)
HPRegen  0.04/turn              (no ring)
MPRegen  0.11/turn              (no ring)

@: very quick
A: very small, unfitting armour, see invisible, herbivore, speed 3, slow
metabolism 2
a: no special abilities


You were in the Dungeon.
You were not hungry.

You visited 1 branch

Inventory:

Hand Weapons
 a - a +1 dagger (weapon)
Armour
 b - a +0 robe (worn)
Wands
 c - a wand of flame (16)
Scrolls
 j - a scroll of blinking
Potions
 e - a potion of curing
 f - a potion of heal wounds
 g - a potion of haste
 h - 2 potions of magic
Comestibles
 d - a ration


   Skills:
 + Level 3.2 Short Blades
 - Level 3.0 Dodging
 + Level 6.3 Stealth
 + Level 4.3 Spellcasting
 + Level 5.0 Hexes


You had 8 spell levels left.
You knew the following spells:

 Your Spells              Type           Power        Failure   Level  Hunger
a - Corona                Hex            ###....      1%          1    None

Your spell library contained the following spells:

 Spells                   Type           Power        Failure   Level  Hunger
 Confuse                  Hex            ###.....     6%          3    ###....
 Tukima's Dance           Hex            ###.....     6%          3    ###....
 Ensorcelled Hibernation  Hex/Ice        ##....       9%          2    ##.....
 Dazzling Spray           Conj/Hex       ##....       17%         3    ###....


Dungeon Overview and Level Annotations

Branches:
Dungeon (1/1)

Altars:


Innate Abilities, Weirdness & Mutations

You are very small and have problems with some larger weapons.
You are too small for most types of armour.
You have supernaturally acute eyesight. (SInv)
You are a herbivore.
You cover ground extremely quickly.
You need to consume almost no food.


Message History

There's a creature in the doorway!
There's a creature in the doorway!
There's a creature in the doorway!
There's a creature in the doorway!
There's a creature in the doorway!
There's a creature in the doorway!
There's a creature in the doorway!
There's a creature in the doorway!
There's a creature in the doorway!
There's a creature in the doorway!
There's a creature in the doorway!
There's a creature in the doorway!
There's a creature in the doorway!
You hit the ogre.
The ogre is lightly wounded.
You barely miss the ogre.
The ogre is lightly wounded.
The ogre hits you with a +0 giant club!!
Ouch! That really hurt!
You die...

##########
#<@#.[O..#
#..O..#..+
#..#####+#
#..# #..#
#..# #⌠⌠#
####


You could see an ogre.

Vanquished Creatures
  Ijyb (D)
1 creature vanquished.

Notes
Turn   | Place    | Note
-------+----------+-------------------------------------------
     0 | D        | EtherCrawl the Spriggan Enchanter began the quest for the
                  | Orb.
     0 | D        | Reached XP level 1. HP: 9/9 MP: 5/5
     1 | D        | Noticed Ijyb
    15 | D        | Killed Ijyb
    15 | D        | Reached skill level 6 in Stealth
    15 | D        | Reached skill level 5 in Hexes
    15 | D        | Reached XP level 2. HP: 13/13 MP: 6/8
    65 | D        | Noticed an ogre
   326 | D        | Mangled by an ogre

Levels and vault maps discovered:
D:        dungeon_sprint_1 [red_sonja_temple_1, red_sonja_temple_small_1]

Skill      XL: |  1 |
---------------+----+-----
Short Blades   | 3 |  3.2
Stealth        | 6 |  6.3
Spellcasting   | 4 |  4.3
Hexes          | 5 |  5.0
Dodging        | |  3.0

Action                   || total
-------------------------++-------
Melee: Dagger            ||    14
  Use: Potion            ||     1
Dodge: Dodged            ||     9

Table legend:
 A = Non-vault XP
 B = Vault XP
 C = Vault XP percentage of total XP
 D = Non-vault monster count
 E = Vault monster count
 F = Vault count percentage of total count
                 A         B        C        D         E       F
            +---------+---------+-------+---------+---------+-------
      Total |       0 |      36 | 100.0 |       0 |       1 | 100.0
            +---------+---------+-------+---------+---------+-------
          D |       0 |      36 | 100.0 |       0 |       1 | 100.0
            +---------+---------+-------+---------+---------+-------
